 Dungeon Crawl Stone Soup version 0.21.1-1-g345015fe64 (webtiles) character file.

4697 Nattfarinn the Covert (level 10, -6/74 HPs)
             Began as a Gnoll Enchanter on May 8, 2018.
             Was a Follower of Ashenzari.
             Mangled by a yak (12 damage)
             ... on level 10 of the Dungeon.
             The game lasted 00:26:49 (9282 turns).

Nattfarinn the Covert (Gnoll Enchanter)             Turns: 9282, Time: 00:26:50

Health: -6/74      AC:  7    Str: 12    XL:     10   Next: 45%
Magic:  11/20      EV: 13    Int: 19    God:    Ashenzari [*.....]
Gold:   513        SH:  6    Dex: 18    Spells: 14/23 levels left

rFire    + . .     SeeInvis .   j - +11 hand axe "Rixtin" {chop, Fragile rF+ Str+2} (curse)
rCold    . . .     Gourm    .   n - +0 buckler
rNeg     . . .     Faith    .   v - +0 scale mail
rPois    +         Spirit   .   (no helmet)
rElec    .         Reflect  .   (no cloak)
rCorr    .         Harm     .   (no gloves)
MR       .....                  (no boots)
Stlth    +++.......             f - amulet of regeneration
HPRegen  0.62/turn              l - ring of poison resistance
MPRegen  0.17/turn              (no ring)

@: hasted, very quick
A: distributed training, fangs 1, strong nose
a: Curse Item, Scrying, Renounce Religion


You were on level 10 of the Dungeon.
You worshipped Ashenzari.
Ashenzari was aware of your devotion.
You were hungry.

You visited 2 branches of the dungeon, and saw 11 of its levels.

You collected 513 gold pieces.

Inventory:

Hand Weapons
 a - a +1 dagger
 j - the cursed +11 hand axe "Rixtin" (weapon) {chop, Fragile rF+ Str+2}
   (You found it on level 6 of the Dungeon)

   It inflicts extra damage upon your enemies.
   It affects your strength (+2).
   It protects you from fire.
   It will be destroyed if unequipped.
   It has a curse placed upon it.
 F - the +8 falchion of Ginkoron {holy, MR+ Str+8}
   (You found it on level 9 of the Dungeon)

   It has been blessed by the Shining One to cause great damage to the undead
   and demons.
   It affects your strength (+8).
   It affects your resistance to hostile enchantments.
Missiles
 k - 9 javelins (quivered)
 m - 6 curare-tipped needles
Armour
 b - a +0 robe
 n - a +0 buckler (worn)
 v - a +0 scale mail (worn)
Jewellery
 f - an amulet of regeneration (around neck)
 l - a ring of poison resistance (left hand)
Wands
 y - a wand of enslavement (10)
 G - a wand of paralysis (15)
Scrolls
 g - 3 scrolls of identify
 h - 2 scrolls of amnesia {unknown}
 i - 5 scrolls of teleportation
 p - a scroll of fear {unknown}
 q - 4 scrolls of enchant weapon {unknown}
 s - 2 scrolls of noise {unknown}
 u - a scroll of magic mapping {unknown}
 x - a scroll of immolation {unknown}
 A - a scroll of remove curse
 B - a scroll of summoning {unknown}
Potions
 e - 2 potions of magic
 r - a potion of resistance
 t - 2 potions of might
 w - a potion of curing {unknown}
 C - a potion of invisibility {unknown}
 E - a potion of flight {unknown}
Books
 c - a book of Maledictions

   Spells                             Type                      Level
   a - Corona                         Hexes                        1
   b - Ensorcelled Hibernation        Hexes/Ice                    2
   c - Confuse                        Hexes                        3
   d - Tukima's Dance                 Hexes                        3
   e - Dazzling Spray                 Conjuration/Hexes            3
Miscellaneous
 D - a lightning rod (4/4)
Comestibles
 d - 13 rations
 z - 2 chunks of flesh


   Skills:
 + Level 5.2 Fighting
 + Level 5.8 Short Blades
 + Level 5.2 Long Blades
 + Level 5.2 Axes
 + Level 5.2 Maces & Flails
 + Level 5.2 Polearms
 + Level 5.2 Staves
 + Level 5.2 Slings
 + Level 5.2 Bows
 + Level 5.2 Crossbows
 + Level 5.2 Throwing
 + Level 5.2 Armour
 + Level 7.0 Dodging
 + Level 8.0 Stealth
 + Level 5.2 Shields
 + Level 5.2 Unarmed Combat
 + Level 7.3 Spellcasting
 + Level 4.3 Conjurations
 + Level 7.0 Hexes
 + Level 4.3 Charms
 + Level 4.3 Summonings
 + Level 4.3 Necromancy
 + Level 4.3 Translocations
 + Level 4.3 Transmutations
 + Level 4.3 Fire Magic
 + Level 4.3 Ice Magic
 + Level 4.3 Air Magic
 + Level 4.3 Earth Magic
 + Level 4.3 Poison Magic
 + Level 5.7 Invocations
 + Level 5.2 Evocations


You had 14 spell levels left.
You knew the following spells:

 Your Spells              Type           Power        Failure   Level  Hunger
a - Corona                Hex            ####...      2%          1    None
b - Ensorcelled Hibernat  Hex/Ice        ####..       6%          2    None
c - Tukima's Dance        Hex            ####....     7%          3    #......
d - Confuse               Hex            ####....     7%          3    #......


Dungeon Overview and Level Annotations

Branches:
Dungeon (10/15)            Temple (1/1) D:6             Orc (0/2) D:9
   Lair: D:8-11

Altars:
Ashenzari
Cheibriados
Dithmenos
Elyvilon
Fedhas
Gozag
Hepliaklqana
Kikubaaqudgha
Makhleb
Nemelex Xobeh
Okawaru
Qazlal
Ru
Sif Muna
Trog
Uskayaw
Vehumet
Wu Jian
Xom
Yredelemnul
Zin
The Shining One


Innate Abilities, Weirdness & Mutations

Your experience applies equally to all skills.
You have very sharp teeth.
Your uncanny sense of smell can sniff out nearby items.


Message History

The yak barely misses you.
You slice the orc priest!!
You kill the orc priest!
You slash the yak! The yak gores you.
* * * LOW HITPOINT WARNING * * *
You slash the yak!
You kill the yak!
You slash the yak!
The yak is moderately wounded.
You closely miss the yak. Your bite misses the yak.
The yak is moderately wounded.
The yak gores you!
* * * LOW HITPOINT WARNING * * *
You slash the yak!
The yak is severely wounded.
The yak barely misses you.
You hit the yak.
The yak is almost dead.
The yak gores you!
You die...

##. .... ##..##$
.#########.......
....).)@Y<.#
.##.######## ∆ ∆


You could see a yak.

Vanquished Creatures
  Grinder (D:3)
  Prince Ribbit (D:7)
  5 yaks (D:10)
  A hungry ghost (D:8)
  Duvessa (D:6)
  2 orc warriors
  4 phantoms
  3 ice beasts
  A black bear (D:7)
  4 ogres
  3 centaurs
  A bullfrog (D:9)
  A wyvern skeleton (D:9)
  3 scorpions
  Dowan (D:6)
  3 killer bees (D:7)
  6 howler monkeys
  A bullfrog zombie (D:5)
  3 crimson imps
  A jelly (D:8)
  A quasit (D:9)
  A centaur zombie (D:6)
  3 orc priests
  3 centaur skeletons
  4 hounds
  A bullfrog skeleton (D:9)
  4 iguanas
  6 orc wizards
  4 worker ants
  A howler monkey zombie (D:7)
  A worker ant zombie (D:5)
  3 gnolls (D:7)
  10 adders
  A shadow imp (D:6)
  3 oozes
  An adder skeleton (D:7)
  An adder zombie (D:6)
  2 worms (D:4)
  A dart slug (D:5)
  3 leopard geckos
  20 orcs
  11 giant cockroaches
  4 hobgoblins
  7 jackals
  A quokka (D:4)
  8 bats
  6 frilled lizards
  A giant cockroach zombie (D:5)
  5 goblins
  8 kobolds
  A leopard gecko skeleton (D:8)
  4 rats
  A spectral orc (D:8)
  A fungus (D:2)
178 creatures vanquished.

Vanquished Creatures (collateral kills)
  2 orcs
  A bat (D:3)
3 creatures vanquished.

Vanquished Creatures (others)
  An orc wizard (D:6)
1 creature vanquished.

Grand Total: 182 creatures vanquished

Notes
Turn   | Place    | Note
-------+----------+-------------------------------------------
     0 | D:1      | Nattfarinn the Gnoll Enchanter began the quest for the Orb.
     0 | D:1      | Reached XP level 1. HP: 13/13 MP: 6/6
   202 | D:1      | Reached XP level 2. HP: 19/19 MP: 7/7
   206 | D:1      | Learned a level 2 spell: Ensorcelled Hibernation
  1229 | D:2      | Found a blossoming altar of Fedhas.
  1241 | D:2      | Reached XP level 3. HP: 25/25 MP: 9/9
  1256 | D:2      | Reached skill level 5 in Spellcasting
  1338 | D:2      | Reached skill level 6 in Stealth
  1396 | D:2      | Found an opulent altar of Gozag.
  1396 | D:2      | Found a glowing silver altar of Zin.
  1608 | D:2      | Reached skill level 1 in Invocations
  1870 | D:2      | Reached skill level 1 in Fighting
  1870 | D:2      | Reached skill level 1 in Long Blades
  1870 | D:2      | Reached skill level 1 in Axes
  1870 | D:2      | Reached skill level 1 in Maces & Flails
  1870 | D:2      | Reached skill level 1 in Polearms
  1870 | D:2      | Reached skill level 1 in Staves
  1870 | D:2      | Reached skill level 1 in Slings
  1870 | D:2      | Reached skill level 1 in Bows
  1870 | D:2      | Reached skill level 1 in Crossbows
  1870 | D:2      | Reached skill level 1 in Throwing
  1870 | D:2      | Reached skill level 1 in Armour
  1870 | D:2      | Reached skill level 1 in Shields
  1870 | D:2      | Reached skill level 1 in Unarmed Combat
  1870 | D:2      | Reached skill level 1 in Evocations
  2154 | D:2      | Reached XP level 4. HP: 20/32 MP: 4/11
  2687 | D:2      | Learned a level 3 spell: Tukima's Dance
  2691 | D:2      | Learned a level 3 spell: Confuse
  2773 | D:3      | Reached skill level 1 in Conjurations
  2773 | D:3      | Reached skill level 1 in Charms
  2773 | D:3      | Reached skill level 1 in Summonings
  2773 | D:3      | Reached skill level 1 in Necromancy
  2773 | D:3      | Reached skill level 1 in Translocations
  2773 | D:3      | Reached skill level 1 in Transmutations
  2773 | D:3      | Reached skill level 1 in Fire Magic
  2773 | D:3      | Reached skill level 1 in Ice Magic
  2773 | D:3      | Reached skill level 1 in Air Magic
  2773 | D:3      | Reached skill level 1 in Earth Magic
  2773 | D:3      | Reached skill level 1 in Poison Magic
  2922 | D:3      | Noticed Grinder
  2949 | D:3      | Killed Grinder
  2949 | D:3      | Reached XP level 5. HP: 15/38 MP: 6/12
  2949 | D:3      | Reached XP level 6. HP: 18/44 MP: 7/14
  3420 | D:3      | Reached skill level 5 in Dodging
  3879 | D:4      | Reached XP level 7. HP: 50/50 MP: 7/15
  4300 | D:5      | Entered Level 5 of the Dungeon
  4886 | D:4      | Reached XP level 8. HP: 57/57 MP: 1/16
  5511 | D:5      | Found a shattered altar of Ashenzari.
  5633 | D:5      | Found an ancient bone altar of Kikubaaqudgha.
  5922 | D:6      | Found a shimmering altar of Xom.
  5946 | D:6      | Noticed Duvessa
  5946 | D:6      | Noticed Dowan
  6020 | D:6      | HP: 1/58 [orc wizard/dagger (3)]
  6283 | D:6      | Found a deep blue altar of Sif Muna.
  6302 | D:6      | Got a slimy hand axe
  6303 | D:6      | Identified the +11 hand axe "Rixtin" {chop, Fragile rF+ Str+2} (You found it on level 6 of the Dungeon)
  6551 | D:6      | Found a staircase to the Ecumenical Temple.
  6553 | D:6      | Killed Dowan
  6553 | D:6      | Reached skill level 7 in Stealth
  6566 | D:6      | Killed Duvessa
  6668 | Temple   | Entered the Ecumenical Temple
  6808 | D:6      | Found a white marble altar of Elyvilon.
  6995 | D:5      | Became a worshipper of Ashenzari the Shackled
  7153 | D:7      | Reached XP level 9. HP: 58/65 MP: 18/18
  7365 | D:7      | Noticed Prince Ribbit
  7383 | D:7      | Killed Prince Ribbit
  7396 | D:7      | Found a snail-covered altar of Cheibriados.
  7718 | D:8      | Reached skill level 5 in Short Blades
  8212 | D:8      | Found a basalt altar of Yredelemnul.
  8437 | D:9      | Reached skill level 5 in Invocations
  8768 | D:9      | Reached XP level 10. HP: 49/73 MP: 20/20
  8856 | D:9      | Reached * piety under Ashenzari
  8913 | D:9      | Identified the +8 falchion of Ginkoron {holy, MR+ Str+8}
  8924 | D:9      | Found a staircase to the Orcish Mines.
  9229 | D:10     | Entered Level 10 of the Dungeon
  9245 | D:10     | Reached skill level 5 in Fighting
  9245 | D:10     | Reached skill level 5 in Long Blades
  9245 | D:10     | Reached skill level 5 in Axes
  9245 | D:10     | Reached skill level 5 in Maces & Flails
  9245 | D:10     | Reached skill level 5 in Polearms
  9245 | D:10     | Reached skill level 5 in Staves
  9245 | D:10     | Reached skill level 5 in Slings
  9245 | D:10     | Reached skill level 5 in Bows
  9245 | D:10     | Reached skill level 5 in Crossbows
  9245 | D:10     | Reached skill level 5 in Throwing
  9245 | D:10     | Reached skill level 5 in Armour
  9245 | D:10     | Reached skill level 5 in Shields
  9245 | D:10     | Reached skill level 5 in Unarmed Combat
  9245 | D:10     | Reached skill level 5 in Evocations
  9272 | D:10     | Reached skill level 8 in Stealth
  9282 | D:10     | Mangled by a yak

Skill      XL: |  1  2  3  4  5  6  7  8  9 10 |
---------------+-------------------------------+-----
Spellcasting   | 5 6 7 |  7.3
Stealth        | 6 7 8 |  8.0
Invocations    | 1 2 3 4 5 |  5.7
Fighting       | 1 2 3 4 5 |  5.2
Long Blades    | 1 2 3 4 5 |  5.2
Axes           | 1 2 3 4 5 |  5.2
Maces & Flails | 1 2 3 4 5 |  5.2
Polearms       | 1 2 3 4 5 |  5.2
Staves         | 1 2 3 4 5 |  5.2
Slings         | 1 2 3 4 5 |  5.2
Bows           | 1 2 3 4 5 |  5.2
Crossbows      | 1 2 3 4 5 |  5.2
Throwing       | 1 2 3 4 5 |  5.2
Armour         | 1 2 3 4 5 |  5.2
Shields        | 1 2 3 4 5 |  5.2
Unarmed Combat | 1 2 3 4 5 |  5.2
Evocations     | 1 2 3 4 5 |  5.2
Conjurations   | 1 2 3 4 |  4.3
Charms         | 1 2 3 4 |  4.3
Summonings     | 1 2 3 4 |  4.3
Necromancy     | 1 2 3 4 |  4.3
Translocations | 1 2 3 4 |  4.3
Transmutations | 1 2 3 4 |  4.3
Fire Magic     | 1 2 3 4 |  4.3
Ice Magic      | 1 2 3 4 |  4.3
Air Magic      | 1 2 3 4 |  4.3
Earth Magic    | 1 2 3 4 |  4.3
Poison Magic   | 1 2 3 4 |  4.3
Short Blades   | 3 4 5 |  5.8
Dodging        | 5 6 7 |  7.0
Hexes          | 6 7 |  7.0

Action                   |  1- 3 |  4- 6 |  7- 9 | 10-12 || total
-------------------------+-------+-------+-------+-------++-------
Melee: Dagger            |   118 |   128 |   247 |       ||   493
       Bite              |    12 |    12 |    39 |     5 ||    68
       Punch             |     1 |       |       |       ||     1
       Hand axe          |       |       |   158 |    82 ||   240
 Cast: Ensorcelled Hiber |    20 |    21 |    18 |       ||    59
       Confuse           |       |     7 |    39 |       ||    46
       Tukima's Dance    |       |     1 |     7 |     5 ||    13
Invok: Curse Item        |       |       |     1 |       ||     1
  Use: Potion            |       |     1 |     3 |     1 ||     5
       Scroll            |       |     3 |     4 |       ||     7
 Stab: Sleeping          |    22 |    17 |    29 |     1 ||    69
       Confused          |       |     3 |    18 |       ||    21
       Distracted        |       |     1 |       |       ||     1
  Eat: Chunk             |     4 |     6 |    19 |     1 ||    30
       Ration            |       |       |     1 |       ||     1
Armor: Robe              |    10 |    18 |    12 |       ||    40
       Skin              |       |    32 |       |       ||    32
       Scale mail        |       |       |    49 |    11 ||    60
Dodge: Dodged            |    69 |    92 |   191 |    31 ||   383
Block: Buckler           |     7 |    16 |    62 |    16 ||   101
